Map: Rovine di Endion

Players

Gulliver

  • Race: Terran Terran
  • League: Gold

Jhyrachy - Winner!

  • Race: Zerg Zerg
  • League: Gold

VOD

Have the link to the VOD?

Description

Time

  • Played on: May 24, 2016, 4:28 p.m.
  • Length: 6:50
Show
View Real Time Build Order
Export as new Build Order

Gulliver Terran 

Build Orders: Reaper Expand 

Get SALT Encoding   

  12  0:00  SCV  
  13  0:13  SCV  
  14  0:18  Supply Depot  
  14  0:25  SCV  
  15  0:40  SCV  
  15  0:42  Barracks  
  16  0:46  Refinery  
  16  0:52  SCV  
  17  1:04  SCV  
  18  1:16  SCV  
  19  1:29  Reaper  
  19  1:32  Orbital Command  
  20  1:44  Command Center  
  20  1:57  SCV  
  20  1:59  Refinery  
  21  2:01  Barracks Reactor  
  21  2:05  Supply Depot  
  21  2:10  SCV  
  22  2:22  SCV  
  23  2:27  Factory  
  23  2:46  Marine x2  
  25  3:04  Orbital Command  
  25  3:05  SCV  
  26  3:10  Supply Depot  
  26  3:17  SCV  
  27  3:32  Orbital Command  
  27  3:34  Starport  
  27  3:39  Barracks Tech Lab  
  27  3:40  Hellion x2  
  31  4:02  SCV x2  
  33  4:04  Hellion x2  
  33  4:05  Marine  
  33  4:06  Stimpack  
  38  4:14  SCV x2  
  38  4:15  Liberator  
  40  4:23  Marine  
  41  4:31  SCV  
  41  4:32  SCV  
  46  4:47  SCV x2  
  46  4:50  Supply Depot  
  46  4:51  Supply Depot  
  48  4:53  Command Center  
  48  4:56  Barracks  
  48  4:59  SCV  
  49  5:02  Marine  
  49  5:05  Factory Tech Lab  
  49  5:06  Barracks  
  50  5:14  Supply Depot  
  44  5:47  SCV x2  
  44  5:51  Siege Tank  
  44  5:53  Barracks Reactor  
  44  5:54  Starport Reactor  
  44  5:56  Marine  
  44  5:57  Marine x2  
  48  5:59  SCV  
  48  6:00  SCV  
  48  6:04  Engineering Bay  
  52  6:05  Engineering Bay  
  52  6:14  Marine x3  
  52  6:20  Supply Depot  
  52  6:22  Orbital Command  
Show
View Real Time Build Order
Export as new Build Order

Jhyrachy Zerg - Winner!

Build Orders: Pool First 

Get SALT Encoding   

  12  0:01  Drone  
  13  0:09  Drone  
  14  0:18  Overlord  
  14  0:37  Drone x3  
  17  0:48  Extractor, Drone  
  17  0:56  Spawning Pool  
  16  0:58  Drone  
  17  1:15  Drone  
  18  1:23  Drone  
  19  1:26  Hatchery  
  19  1:32  Overlord  
  18  1:43  Queen  
  18  1:45  Drone  
  21  2:00  Zergling x2  
  22  2:17  Overlord, Drone  
  23  2:43  Queen  
  24  2:48  Drone  
  24  2:50  Drone  
  26  2:52  Lair  
  26  2:58  Drone  
  27  2:59  Extractor, Drone x2  
  27  3:00  Drone  
  27  3:01  Overlord  
  27  3:03  Drone x2  
  31  3:16  Spine Crawler  
  28  3:31  Drone  
  28  3:32  Drone x7  
  36  3:59  Extractor  
  36  4:00  Drone x5  
  36  4:01  Drone x2  
  42  4:04  Queen  
  44  4:18  Spire  
  42  4:35  Overlord x2  
  42  4:50  Extractor  
  41  4:57  Drone x5  
  41  4:59  Hatchery  
  45  5:26  Spine Crawler  
  32  5:37  Mutalisk  
  32  5:38  Mutalisk x7  
  46  6:19  Drone  
  46  6:20  Drone x10  
Tags
 
Add a new tag
Caveats
  • Supply blocks, unpowered buildings, or Contaminate may cause inaccurate times.
  • Supply counts are checked every 10 seconds.